Map: Kairos Junction LE

Players

libidas - Winner!

  • Race: Terran Terran
  • League: Master
  • Spawn Location: 5:00

Mez

  • Race: Terran Terran
  • League: Master
  • Spawn Location: 11:00

VOD

Have the link to the VOD?

Description

Time

  • Played on: July 31, 2019, 3:42 a.m.
  • Length: 8:08
Show
View Real Time Build Order
Export as new Build Order

libidas Terran - Winner!

Build Orders:  

Get SALT Encoding   

  12  0:00  SCV  
  13  0:12  SCV  
  14  0:17  Supply Depot  
  14  0:25  SCV  
  14  0:28  Refinery  
  15  0:39  SCV  
  16  0:45  Barracks  
  16  0:51  SCV  
  17  1:07  SCV, Barracks  
  18  1:23  Barracks  
  18  1:27  SCV  
  18  1:32  Reaper  
  20  1:38  Refinery  
  20  1:47  Supply Depot  
  20  1:54  Reaper  
  20  1:58  SCV  
  22  2:04  Reaper  
  23  2:17  Orbital Command  
  23  2:20  Reaper  
  24  2:26  Reaper  
  25  2:36  Reaper  
  26  2:40  Supply Depot  
  26  2:52  Reaper  
  28  2:58  Reaper  
  27  3:08  Reaper  
  28  3:16  SCV  
  29  3:24  Reaper  
  30  3:30  Reaper  
  29  3:40  Reaper  
  30  3:48  Factory, Command Center  
  30  3:53  SCV  
  31  4:12  Barracks Tech Lab  
  31  4:15  Barracks Tech Lab  
  30  4:37  SCV  
  31  4:43  Stimpack, Combat Shield  
  31  4:45  Barracks Reactor  
  30  4:49  SCV  
  25  5:22  Marine x3  
  25  5:23  Marine  
  25  5:27  Barracks, Orbital Command  
  25  5:28  Barracks  
  29  5:30  Barracks  
  29  5:39  Factory Reactor  
  29  5:40  Marine  
  29  5:42  SCV  
  30  5:45  Marine x3  
  30  5:48  Supply Depot  
  33  5:50  Engineering Bay  
  33  5:51  Supply Depot  
  33  5:54  SCV  
  34  5:58  Marine  
  34  6:00  SCV  
  34  6:02  Marine  
  37  6:05  Marine x2  
  37  6:06  SCV  
  40  6:13  SCV  
  40  6:18  Barracks Reactor x2, SCV  
  42  6:25  SCV, Supply Depot  
  43  6:28  Marine x4  
  43  6:30  SCV  
  43  6:31  Marine x2  
  50  6:37  SCV  
  50  6:45  Marine  
  50  6:46  Marine x3  
  54  6:49  Marine x2  
  56  6:55  Marine  
  56  6:56  Marine x3  
  60  7:03  Marine  
  60  7:04  Engineering Bay, Marine x3  
  60  7:06  Marine  
  60  7:07  Marine  
  66  7:13  Marine  
  67  7:20  Marine  
  67  7:21  Marine x3  
  67  7:22  Marine x3  
  69  7:24  Marine  
  69  7:25  Marine  
  65  7:30  Factory Reactor  
  65  7:31  Marine  
  66  7:38  Marine x2  
  66  7:41  Supply Depot  
  66  7:42  Supply Depot  
  68  7:47  Armory  
  68  7:49  Marine x5  
  68  7:50  Marine  
  71  8:06  Supply Depot  
  71  8:08  Supply Depot  
Show
View Real Time Build Order
Export as new Build Order

Mez Terran 

Build Orders: Reaper Expand 

Get SALT Encoding   

  12  0:00  SCV  
  13  0:13  SCV  
  14  0:17  Supply Depot  
  14  0:25  SCV  
  15  0:38  SCV  
  15  0:39  Barracks  
  16  0:44  Refinery  
  16  0:50  SCV  
  17  1:03  SCV  
  18  1:15  SCV  
  19  1:27  Reaper, Orbital Command  
  20  1:40  Command Center  
  20  1:54  Barracks  
  20  1:56  SCV  
  20  2:00  Barracks Reactor  
  21  2:08  SCV  
  22  2:10  Barracks  
  22  2:18  Supply Depot  
  22  2:21  SCV  
  23  2:34  SCV  
  23  2:39  Marine x2  
  23  2:43  Barracks Tech Lab  
  25  2:46  SCV  
  24  2:59  Marine  
  24  3:00  Marine x2  
  24  3:06  Concussive Shells, Marauder  
  24  3:08  SCV  
  24  3:20  Marine x3  
  25  3:27  Marine  
  23  3:38  Marine  
  23  3:42  SCV  
  23  3:45  Marauder  
  26  3:52  Orbital Command  
  26  3:59  Stimpack  
  26  4:04  SCV  
  27  4:10  Marauder  
  27  4:16  SCV  
  30  4:22  Marine x3  
  30  4:23  SCV  
  26  4:37  Marine  
  23  4:39  Marine  
  10  4:54  SCV x2  
  10  4:55  Marine x2  
  13  5:06  SCV x2  
  6  5:37  Marine x2  
  6  5:38  Marauder  
  6  5:42  SCV  
  11  5:47  SCV  
  12  5:53  Marine  
  12  5:56  Marine  
  14  5:59  SCV  
  15  6:07  SCV  
  15  6:11  SCV  
  17  6:19  SCV  
  17  6:23  SCV  
  17  6:24  Marauder  
  21  6:31  Marine x3  
  23  6:41  SCV x2  
  23  6:45  Marine  
  26  6:53  SCV x2  
  28  7:00  Marine x2  
  28  7:01  Marine  
  31  7:03  Marine  
  31  7:07  SCV  
  23  7:28  Marine x3  
  23  7:29  SCV, Marine  
  28  7:39  Supply Depot  
  28  7:43  SCV  
  29  7:49  Marine  
  29  7:50  Marine  
  31  7:56  SCV  
Tags
 
Add a new tag
Caveats
  • Supply blocks, unpowered buildings, or Contaminate may cause inaccurate times.
  • Supply counts are checked every 10 seconds.